 Dungeon Crawl Stone Soup version 0.30-a0-1066-g63dfefce0d (webtiles) character file.

Game seed: 5578261766498751130

49 retardedninja the Trooper (level 3, 0/34 HPs)
             Began as a Naga Fighter on Apr 12, 2023.
             Slain by Sigmund
             ... wielding a +5 scythe of protection
              (10 damage)
             ... on level 2 of the Dungeon.
             The game lasted 00:01:32 (1002 turns).

retardedninja the Trooper (Naga Fighter)            Turns: 1002, Time: 00:01:32

Health: 0/34       AC:  4    Str: 20    XL:     3   Next: 77%
Magic:  3/3        EV:  7    Int:  8    God:
Gold:   42         SH:  4    Dex: 10    Spells: 2/2 levels left

rFire   . . .      SeeInvis +    a - +0 war axe
rCold   . . .      Faith    .    c - +0 buckler
rNeg    . . .      Spirit   .    b - +0 scale mail
rPois   +          Reflect  .    (no helmet)
rElec   .          Rampage  .    (no cloak)
rCorr   .                        (no gloves)
Will    .....                    (no barding) Stlth
                                 (no amulet)
HPRegen 0.25/turn                (no ring)
MPRegen 0.08/turn                (no ring)

@: mighty, very slow
A: AC +1, large, see invisible, deformed body, poison resistance, slowness 2,
spit poison 1, naga tail 1
a: Spit Poison


You were on level 2 of the Dungeon.
You visited 1 branch of the dungeon, and saw 2 of its levels.

You collected 42 gold pieces.

Inventory:

Hand Weapons
 a - a +0 war axe (weapon)
Armour
 b - a +0 scale mail (worn)
 c - a +0 buckler (worn)
 i - a +0 pair of gloves
Jewellery
 g - an amulet of regeneration
 k - an amulet of guardian spirit
Scrolls
 e - a scroll of amnesia {unknown}
 f - a scroll of identify {unknown}
 h - a scroll of magic mapping {unknown}
 m - a scroll of fog {unknown}
Potions
 j - a potion of degeneration {unknown}
 l - a potion of heal wounds {unknown}


   Skills:
 + Level 3.3 Fighting
 * Level 2.9 Axes
 + Level 2.7 Armour
 + Level 3.0 Shields


You had 2 spell levels left.
You didn't know any spells.
Your spell library was empty.

Dungeon Overview and Level Annotations

Branches:
Dungeon (2/15)

Altars:

Shops:
D:1 *

Annotations:
D:2 Sigmund


Innate Abilities, Weirdness & Mutations

Your serpentine skin is tough. (AC +1)
You have supernaturally acute eyesight. (SInv)
Armour fits poorly on your strangely shaped body.
Your system is resistant to poisons. (rPois)
You cover ground very slowly.
You can spit poison.
You have a snake-like lower body.


Message History

You kill the adder!
No target in view!
No target in view!
You see here an adder corpse.
m - a scroll labelled VEAS FISELOA No target in view!
An endoplasm comes into view.
An endoplasm is nearby!
An endoplasm is nearby!
You slash the endoplasm!
You kill the endoplasm!
No target in view!
Found a stone.
No target in view!
Sigmund the Dreaded comes into view.
He is wielding a +5 scythe of protection.
Sigmund shouts!
Sigmund drinks a potion.
Sigmund suddenly seems more resistant.
Sigmund is nearby!
Sigmund is nearby!
Sigmund hits you from afar with a +5 scythe of protection.
Sigmund is nearby!
Sigmund hits you with a +5 scythe of protection.
Sigmund is nearby!
You feel very mighty all of a sudden.
You closely miss Sigmund.
Sigmund casts a spell.
Sigmund flickers and vanishes for a moment.
You barely miss Sigmund.
Sigmund hits you with a +5 scythe of protection.
You hit Sigmund.
Sigmund is lightly wounded.
Sigmund hits you with a +5 scythe of protection!
You closely miss Sigmund.
Sigmund is lightly wounded.
Sigmund hits you with a +5 scythe of protection!
* * * LOW HITPOINT WARNING * * *
You hit Sigmund.
Sigmund is moderately wounded.
Sigmund hits you with a +5 scythe of protection!
You die...

#.# ..# # #.#
#.#.# .#.##
.....# #@##.#
#@##.# #.##.#
#.##.# #.##.#
####
#.##.###..(##
#.##.##.....##
#............#
####.........#
###.......#


You could see Sigmund (resistant, invisible).

Vanquished Creatures
  A gnoll (D:1)
  An adder (D:2)
  A dart slug (D:1)
  3 ball pythons
  4 endoplasms
  2 giant cockroaches (D:1)
  3 goblins (D:1)
  3 hobgoblins (D:1)
  A quokka (D:1)
  3 bats (D:1)
  2 frilled lizards (D:1)
  A kobold (D:1)
  A rat (D:1)
26 creatures vanquished.

Notes
Turn   | Place    | Note
-------+----------+-------------------------------------------
     0 | D:1      | retardedninja the Naga Fighter began the quest for the Orb.
     0 | D:1      | Reached XP level 1. HP: 21/21 MP: 1/1
    32 | D:1      | Found Qedghihuo's General Store.
   121 | D:1      | Reached XP level 2. HP: 14/28 MP: 2/2
   349 | D:1      | Reached XP level 3. HP: 30/34 MP: 3/3
   993 | D:2      | Noticed Sigmund
  1002 | D:2      | Slain by Sigmund

Illustrated notes

Levels and vault maps discovered:
D:1:      wander_arrival_chamber, layout_basic, serial_shops, shop
D:2:      layout_loops_ring, uniq_sigmund

Skill      XL: |  1  2  3 |
---------------+----------+-----
Shields        | 3 |  3.0
Fighting       | |  3.3
Axes           | |  2.9
Armour         | |  2.7

Action                     || total
---------------------------++-------
  Melee: War axe           ||    83
    Use: Potion            ||     1
 Armour: Scale mail        ||    38
  Dodge: Dodged            ||    26
  Block: Buckler           ||    14

Table legend: (Time is in decaauts)
 A = Elapsed time spent in this place.
 B = Non-inter-level travel time spent in this place.
 C = Inter-level travel time spent in this place.
 D = Time resting spent in this place.
 E = Time spent auto-exploring this place.
 F = Levels seen in this place.
 G = Mean time per level.
                   A        B        C        D        E       F      G
               +--------+--------+--------+--------+--------+-----+--------+
         Total |   1314 |   1254 |     60 |      0 |   1011 |   2 |  657.0 |
       Dungeon |   1314 |   1254 |     60 |      0 |   1011 |   2 |  657.0 |
               +--------+--------+--------+--------+--------+-----+--------+

Top non-repeatable levels by time:
     D:1: 1188 daAuts
     D:2: 125 daAuts
